 Dungeon Crawl Stone Soup version 0.20.1-1-g8b1a95d (webtiles) character file.

4575 InappropriateContent the Spear-Bearer (level 10, 0/96 HPs)
             Began as a Gargoyle Berserker on Nov 28, 2017.
             Was a Priest of Trog.
             Slain by a two-headed ogre
             ... wielding a +0 giant club
              (22 damage)
             ... on level 8 of the Dungeon.
             The game lasted 00:33:52 (7064 turns).

InappropriateContent the Spear-Bearer (GrBe)        Turns: 7064, Time: 00:33:52

Health: 0/96       AC: 16    Str: 29    XL:     10   Next: 41%
Magic:  10/10      EV: 11    Int:  8    God:    Trog [***...]
Gold:   453        SH:  0    Dex:  9    Spells: 9/9 levels left

rFire    . . .     SeeInvis .   y - +0 trident (venom)
rCold    . . .     Gourm    .   (no shield)
rNeg     + . .     Faith    .   m - +0 scale mail
rPois    ∞         Spirit   .   (no helmet)
rElec    +         Reflect  .   u - +0 cloak
rCorr    .         Harm     .   (no gloves)
MR       ++...                  f - +0 pair of boots
Stlth    ..........             i - amulet of regeneration
Regen    1.7/turn               (no ring)
MPRegen  0.2/turn               (no ring)

@: berserking, regenerating, very quick
A: negative energy resistance 1, electricity resistance, unbreathing,
petrification resistance, rot immunity, AC +7
a: Berserk, Trog's Hand, Burn Spellbooks, Renounce Religion


You were on level 8 of the Dungeon.
You worshipped Trog.
Trog was most pleased with you.
You were very hungry.

You visited 1 branch of the dungeon, and saw 8 of its levels.

You collected 453 gold pieces.

Inventory:

Hand Weapons
 a - a +0 hand axe
 p - a +1 flail of protection
 y - a +0 trident of venom (weapon)
 J - a cursed +3 dire flail
Missiles
 z - 5 curare-tipped needles
Armour
 f - a +0 pair of boots (worn)
 m - a +0 scale mail (worn)
 u - a +0 cloak (worn)
Jewellery
 i - an amulet of regeneration (around neck)
 A - a cursed amulet of inaccuracy {unknown}
Wands
 k - a wand of iceblast (0/15)
 E - a wand of paralysis (13/24)
Scrolls
 e - 5 scrolls of identify {unknown}
 g - 2 scrolls of blinking {unknown}
 l - 4 scrolls of teleportation {unknown}
 o - 3 scrolls of recharging {unknown}
 q - a scroll of immolation {unknown}
 r - 3 scrolls of remove curse
 s - a scroll of fear {unknown}
 w - a scroll of amnesia {unknown}
 B - 2 scrolls of enchant weapon {unknown}
 C - 2 scrolls of fog {unknown}
 F - a scroll of acquirement {unknown}
 G - a scroll of holy word {unknown}
Potions
 b - 4 potions of lignification {unknown}
 d - 5 potions of curing {unknown}
 h - a potion of brilliance {unknown}
 H - a potion of flight {unknown}
 I - a potion of heal wounds {unknown}
Books
 t - a book of Misfortune

   Spells                             Type                      Level
   a - Confusing Touch                Hexes                        1
   b - Confuse                        Hexes                        3
   c - Gell's Gravitas                Translocation                3
   d - Petrify                        Transmutation/Earth          4
   e - Metabolic Englaciation         Hexes/Ice                    5
   f - Yara's Violent Unravelling     Hexes/Transmutation          5
   Trog disapproves of the use of such an item.
 D - a book of Power

   Spells                             Type                      Level
   a - Iskenderun's Battlesphere      Conjuration/Charms           5
   b - Venom Bolt                     Conjuration/Poison           5
   c - Bolt of Magma                  Conjuration/Fire/Earth       5
   d - Iron Shot                      Conjuration/Earth            6
   e - Orb of Destruction             Conjuration                  7
   f - Spellforged Servitor           Conjuration/Summoning        7
   Trog disapproves of the use of such an item.
Comestibles
 c - 10 bread rations
 j - 2 royal jellies
 n - a fruit
 v - a meat ration
 x - 11 chunks of flesh


   Skills:
 * Level 7.6 Fighting
 + Level 7.6(9.7) Axes
 * Level 9.3(10.4) Polearms
 - Level 4.4 Armour
 - Level 2.3 Dodging
 - Level 0.8 Stealth


You had 9 spell levels left.
You didn't know any spells.

Dungeon Overview and Level Annotations

Branches:
Dungeon (8/15)             Temple (0/1) D:5
   Lair: D:8-11

Altars:
Ashenzari
Nemelex Xobeh
Okawaru
Sif Muna
Uskayaw

Shops:
D:4 (   D:5 [   D:7 :


Innate Abilities, Weirdness & Mutations

You are resistant to torment.
Your stone body is resilient. (AC +7)
You are immune to poison.
You resist negative energy. (rN+)
You are resistant to electric shocks. (rElec)
You can survive without breathing.
You are immune to petrification.
You are immune to rotting.


Message History

The worker ant bites you but does no damage.
You puncture the two-headed ogre!
The two-headed ogre looks as sick as possible!
The two-headed ogre is moderately wounded.
You puncture the two-headed ogre!
The two-headed ogre looks as sick as possible!
The two-headed ogre is heavily wounded.
The worker ant closely misses you.
The two-headed ogre hits you but does no damage.
The two-headed ogre hits you with a giant club!
* * * LOW HITPOINT WARNING * * *
You puncture the two-headed ogre!
The two-headed ogre looks as sick as possible!
The two-headed ogre is severely wounded.
The worker ant bites you but does no damage.
You puncture the two-headed ogre!
The two-headed ogre looks as sick as possible!
The two-headed ogre is almost dead.
The two-headed ogre hits you with a giant club!!
You die...

# ## ....
.####.#####....
........#......
####. .(.#
#........
.....# .###
#.......# ....#
## ##....##.$#
#...# #.....#
#..##...#
##.#...#
#.O#a.# #
##.###..##
##.@# ###.##
#...###...#
.#..#
##...#....#
#...##
#.....##..#
.###.##
##..#####.# .#
##.## #..## #.#
## ###.#####.#
.# #.....# ###
## #.###.#


You could see a two-headed ogre and a worker ant.

Vanquished Creatures
  Pikel (D:5)
  The ghost of drpain the Slicer, a novice SpAs (D:6)
  A hippogriff (D:7)
  A spriggan (D:7)
  Sigmund (D:6)
  A water moccasin (D:5)
  4 orc warriors
  7 sky beasts
  A hornet zombie (D:5)
  An ice beast (D:4)
  3 ogres
  The ghost of Dawnplanks the Skirmisher, an amateur DsAK of Lugonu (D:3)
  A crocodile (D:7)
  2 centaurs
  A big kobold (D:8)
  2 bullfrogs (D:6)
  2 scorpions
  4 wights (D:7)
  3 howler monkeys
  4 crimson imps
  A jelly (D:8)
  3 hounds
  3 orc priests
  5 orc wizards
  Natasha (twice) (D:2)
  2 iguanas
  2 worker ants
  A hound skeleton (D:7)
  2 worker ant zombies
  4 gnolls (D:3)
  8 adders
  An ooze (D:6)
  An adder skeleton (D:6)
  A worm (D:4)
  4 dart slugs
  5 leopard geckos
  19 orcs
  A ball python (D:6)
  4 bats
  6 giant cockroaches
  5 goblins
  8 hobgoblins
  15 jackals
  4 quokkas
  6 frilled lizards
  9 kobolds
  A leopard gecko skeleton (D:6)
  8 rats
173 creatures vanquished.

Vanquished Creatures (others)
  2 orc wizards (D:5)
  2 orcs (D:5)
4 creatures vanquished.

Grand Total: 177 creatures vanquished

Notes
Turn   | Place    | Note
-------+----------+-------------------------------------------
     0 | D:1      | InappropriateContent the Gargoyle Berserker began the quest for the Orb.
     0 | D:1      | Reached XP level 1. HP: 14/14 MP: 1/1
   257 | D:1      | Reached XP level 2. HP: 19/19 MP: 2/2
   734 | D:2      | Reached XP level 3. HP: 22/23 MP: 3/3
   787 | D:2      | Noticed Natasha
   805 | D:2      | Killed Natasha
  1012 | D:2      | Reached XP level 4. HP: 28/28 MP: 4/4
  1030 | D:2      | Reached ** piety under Trog
  1117 | D:2      | Found a deep blue altar of Sif Muna.
  1251 | D:2      | Noticed Natasha
  1278 | D:2      | Killed Natasha
  1587 | D:2      | Reached XP level 5. HP: 29/33 MP: 5/5
  2094 | D:3      | Noticed Dawnplanks's ghost (amateur DsAK)
  2189 | D:3      | Killed Dawnplanks's ghost
  2189 | D:3      | Reached XP level 6. HP: 38/38 MP: 6/6
  2726 | D:4      | Reached skill level 5 in Axes
  2917 | D:4      | Found an iron altar of Okawaru.
  2933 | D:4      | Found Qivvehe's Weapon Shoppe.
  3378 | D:4      | Noticed an ice beast
  3385 | D:4      | Killed an ice beast
  3385 | D:4      | Reached XP level 7. HP: 44/44 MP: 7/7
  3502 | D:5      | Entered Level 5 of the Dungeon
  3533 | D:5      | Found a staircase to the Ecumenical Temple.
  3626 | D:5      | Reached skill level 5 in Fighting
  3712 | D:5      | Reached skill level 1 in Polearms
  3712 | D:5      | Reached XP level 8. HP: 49/49 MP: 8/8
  3727 | D:5      | Noticed Pikel
  3733 | D:5      | Found Goschi Naba's Armour Shop.
  3759 | D:5      | Killed Pikel
  3759 | D:5      | Reached skill level 3 in Polearms
  4208 | D:6      | Reached skill level 4 in Polearms
  4234 | D:6      | Noticed Sigmund
  4401 | D:6      | Reached XP level 9. HP: 45/55 MP: 9/9
  4406 | D:6      | Reached skill level 5 in Polearms
  4526 | D:6      | Noticed drpain's ghost (novice SpAs)
  4544 | D:6      | Killed drpain's ghost
  4553 | D:6      | Reached skill level 6 in Polearms
  4650 | D:6      | Found a sparkling altar of Nemelex Xobeh.
  4858 | D:6      | Reached *** piety under Trog
  5000 | D:6      | Killed Sigmund
  5000 | D:6      | Reached skill level 7 in Polearms
  5225 | D:7      | Found Pyntoum's Book Shop.
  5320 | D:7      | Found a hide-covered altar of Uskayaw.
  5367 | D:7      | Reached skill level 8 in Polearms
  5367 | D:7      | Reached XP level 10. HP: 48/63 MP: 10/10
  6484 | D:8      | Reached skill level 9 in Polearms
  6519 | D:8      | Found a shattered altar of Ashenzari.
  7041 | D:8      | Reached **** piety under Trog
  7054 | D:8      | Noticed a two-headed ogre
  7064 | D:8      | Slain by a two-headed ogre

Skill      XL: |  1  2  3  4  5  6  7  8  9 10 |
---------------+-------------------------------+-----
Axes           | 3 4 5 6 7 |  7.6
Armour         | 3 4 |  4.4
Fighting       | 4 5 7 |  7.6
Dodging        | 2 |  2.3
Polearms       | 1 4 8 9 |  9.3
Stealth        | |  0.8

Action                   |  1- 3 |  4- 6 |  7- 9 | 10-12 || total
-------------------------+-------+-------+-------+-------++-------
Melee: Hand axe          |    92 |   234 |       |       ||   326
       Trident           |       |       |   246 |   178 ||   424
Invok: Berserk           |     1 |     3 |     4 |     2 ||    10
       Trog's Hand       |       |     2 |     5 |     3 ||    10
Evoke: Wand              |       |       |     1 |       ||     1
  Use: Scroll            |     2 |       |       |       ||     2
  Eat: Chunk             |     1 |     9 |    10 |     7 ||    27
       Fruit             |       |     1 |     1 |       ||     2
       Royal jelly       |       |       |     1 |       ||     1
Armor: Ring mail         |    42 |    47 |       |       ||    89
       Scale mail        |       |    51 |   180 |    68 ||   299
Dodge: Dodged            |    59 |   111 |   154 |    81 ||   405
